 Dungeon Crawl Stone Soup version 0.28-a0-178-ga708605c5b (webtiles) character file.

Game seed: 2942110930786053617

55 omnomnOMINOUS the Skirmisher (level 3, 0/29 HPs)
             Began as an Octopode Wanderer on Aug 17, 2021.
             Was a Plaything of Xom.
             Slain by a jackal (1 damage)
             ... on level 2 of the Dungeon.
             The game lasted 00:03:49 (1606 turns).

omnomnOMINOUS the Skirmisher (Octopode Wanderer)    Turns: 1606, Time: 00:03:50

Health: 0/29       AC:  1    Str: 13    XL:     3   Next: 93%
Magic:  3/3        EV: 13    Int: 13    God:    Xom [...*..]
Gold:   66         SH:  0    Dex: 17    Spells: 2/2 levels left

rFire   . . .      SeeInvis .   a - +2 mace
rCold   . . .      Faith    .   (no shield)
rNeg    . . .      Spirit   .   (helmet restricted)
rPois   .          Reflect  .   (no amulet)
rElec   .          Harm     .   k - +6 ring of dexterity
rCorr   .          Rampage  .   (no ring)
Will    .....                   (no ring)
Stlth   +++.......              (no ring)
HPRegen 0.09/turn               (no ring)
MPRegen 0.08/turn               (no ring)
                                (no ring)
                                (no ring)

@: no status effects
A: almost no armour, amphibious, 8 rings, camouflage 1, gelatinous body 1,
(nimble swimmer 1), tentacles
a: Renounce Religion


You were on level 2 of the Dungeon.
You worshipped Xom.
You were a favourite toy of Xom.
You visited 1 branch of the dungeon, and saw 2 of its levels.

You collected 66 gold pieces.

Inventory:

Hand Weapons
 a - a +2 mace (weapon)
 b - a +0 shortbow
 d - a +0 hand crossbow
 f - a +0 dagger
Missiles
 c - 37 arrows
 e - 25 bolts
Jewellery
 h - a ring of ice
 k - a +6 ring of dexterity (left tentacle)
Scrolls
 g - a scroll of magic mapping {unknown}
 j - a scroll of silence {unknown}
Potions
 i - a potion of curing {unknown}
 l - a potion of mutation {unknown}


   Skills:
 + Level 5.4 Fighting
 * Level 2.1 Maces & Flails
 + Level 2.4 Crossbows
 + Level 1.2 Dodging
 - Level 2.6 Stealth


You had 2 spell levels left.
You didn't know any spells.
Your spell library contained the following spells:

 Spells                   Type           Power      Damage    Failure   Level
 Foxfire                  Conj/Fire      0%         2x1d4     30%         1
 Magic Dart               Conj           0%         1d3       30%         1
 Call Imp                 Summ           0%         N/A       43%         2
 Conjure Flame            Conj/Fire      0%         6-21      67%         3
 Inner Flame              Hex/Fire       0%         N/A       67%         3
 Mephitic Cloud           Conj/Pois/Air  0%         N/A       67%         3


Dungeon Overview and Level Annotations

Branches:
Dungeon (2/15)

Altars:
Xom


Innate Abilities, Weirdness & Mutations

You cannot wear most types of armour.
You are amphibious.
You can wear up to eight rings at the same time.
Your skin changes colour to match your surroundings (Stealth+).
Your rubbery body absorbs attacks. (AC +1, EV +1)
((You are camouflaged near water. (Stealth+)))
You have tentacles for arms and can constrict up to eight enemies at once.


Message History

You are too injured to fight recklessly!
You are too injured to fight recklessly!
You are too injured to fight recklessly!
You are too injured to fight recklessly!
You are too injured to fight recklessly!
You are too injured to fight recklessly!
You are too injured to fight recklessly!
You are too injured to fight recklessly!
You are too injured to fight recklessly!
You are too injured to fight recklessly!
You are too injured to fight recklessly!
You are too injured to fight recklessly!
You are too injured to fight recklessly!
You are too injured to fight recklessly!
You are too injured to fight recklessly!
You are too injured to fight recklessly!
You are too injured to fight recklessly!
You are too injured to fight recklessly!
Unknown command.
You sock the kobold!
You kill the kobold!
You feel sick. The jackal bites you. The goblin hits you with a +0 dagger.
* * * LOW HITPOINT WARNING * * *
The jackal bites you but does no damage.
You hit the goblin.
You kill the goblin!
You feel sick. The jackal bites you.
* * * LOW HITPOINT WARNING * * *
You closely miss the jackal. You grab the jackal.
You squeeze the jackal, but do no damage.
You constrict the jackal.
You feel sick.
You are no longer poisoned.
The jackal bites you.
* * * LOW HITPOINT WARNING * * *
The jackal barely misses you.
You hit the jackal.
The jackal is severely wounded.
You constrict the jackal. The jackal bites you.
You die... "It was about time." .. ### .gBS#

## .#.## #.# ... ..#
...####K## # #.## #....)..#
## #.##.##### ...####..#
#.# #........#
####..####.#####.###.#
#......)@##.###.####.#
.....##..##h............###
.... #....)...†...†......#
#.# .h.......###.######.#.#
# ####.#...# ### #.#.##
#.##.## #..#.# #.##.#
##.###. #.##.# #.## ## #.#
##.###.


You could see a jackal.

Vanquished Creatures
  An adder (D:2)
  4 endoplasms
  A giant cockroach (D:1)
  7 goblins
  2 hobgoblins (D:1)
  5 jackals (D:2)
  6 kobolds
  A quokka (D:1)
  5 ball pythons
  3 bats
  A frilled lizard (D:2)
  5 rats
41 creatures vanquished.

Notes
Turn   | Place    | Note
-------+----------+-------------------------------------------
     0 | D:1      | omnomnOMINOUS the Octopode Wanderer began the quest for the
                  | Orb.
     0 | D:1      | omnomnOMINOUS set off with the following items: a +2 mace,
                  | a +0 shortbow, 24 arrows, a +0 hand crossbow, 25 bolts, a
                  | +0 dagger
     0 | D:1      | Reached XP level 1. HP: 18/18 MP: 1/1
   211 | D:1      | Reached XP level 2. HP: 18/24 MP: 2/2
   441 | D:1      | Found a faded altar of an unknown god.
   465 | D:1      | Became a worshipper of Xom of Chaos
   482 | D:1      | XOM: divination: detect creatures
   873 | D:1      | Reached XP level 3. HP: 29/29 MP: 3/3
  1343 | D:1      | XOM: silly message
  1465 | D:2      | Reached skill level 1 in Dodging
  1539 | D:2      | XOM: 3-stop teleportation journey
  1564 | D:2      | XOM: polymorph goblin -> rat
  1605 | D:2      | HP: 1/29 [jackal (2)]
  1606 | D:2      | Slain by a jackal

Illustrated notes

Levels and vault maps discovered:
D:1:      sevenhm_arrival_forest_fort_large_4, layout_basic,
          ebering_ecumenical_altar_rust
D:2:      layout_loops_ring

Skill      XL: |  1  2  3 |
---------------+----------+-----
Dodging        | 1 |  1.2
Maces & Flails | 2 |  2.1
Fighting       | |  5.4
Crossbows      | |  2.4
Stealth        | |  2.6

Action                   || total
-------------------------++-------
Melee: Mace              ||    66
       Constrict         ||    15
       Tentacles         ||    10
 Stab: Sleeping          ||    12
Armor: Skin              ||     9
Dodge: Dodged            ||    35

Table legend: (Time is in decaauts)
 A = Elapsed time spent in this place.
 B = Non-inter-level travel time spent in this place.
 C = Inter-level travel time spent in this place.
 D = Time resting spent in this place.
 E = Time spent auto-exploring this place.
 F = Levels seen in this place.
 G = Mean time per level.
                   A        B        C        D        E       F      G
               +--------+--------+--------+--------+--------+-----+--------+
         Total |   1626 |   1560 |     66 |      0 |   1274 |   2 |  813.0 |
       Dungeon |   1626 |   1560 |     66 |      0 |   1274 |   2 |  813.0 |
               +--------+--------+--------+--------+--------+-----+--------+

Top non-repeatable levels by time:
     D:1: 1374 daAuts
     D:2: 252 daAuts
